Map: Mech Depot LE

Players

Elazer

  • Race: Zerg Zerg
  • Spawn Location: 1:00

SpeCial - Winner!

  • Race: Terran Terran
  • Spawn Location: 7:00

Event: 2017 WCS Global Finals

VOD

Have the link to the VOD?

Description

Time

  • Played on: Nov. 3, 2017, 3:15 p.m.
  • Length: 7:44

All games in this series

Show
View Real Time Build Order
Export as new Build Order

Elazer Zerg 

Build Orders: Pool First 

Get SALT Encoding   

  12  0:00  Drone  
  13  0:12  Overlord  
  13  0:16  Drone  
  14  0:30  Drone x2  
  16  0:40  Spawning Pool  
  15  0:45  Drone  
  15  0:48  Drone  
  17  1:08  Hatchery  
  16  1:11  Drone  
  16  1:14  Extractor  
  16  1:17  Drone  
  17  1:27  Zergling x4  
  19  1:33  Queen  
  21  1:40  Overlord  
  21  1:48  Drone  
  22  1:59  Drone  
  23  2:09  Queen  
  23  2:13  Drone  
  26  2:16  Metabolic Boost  
  26  2:21  Drone  
  26  2:22  Drone  
  28  2:32  Overlord  
  28  2:33  Drone  
  29  2:43  Drone x3  
  32  2:45  Drone x2  
  34  2:56  Hatchery  
  34  2:57  Drone  
  33  3:01  Drone  
  34  3:07  Drone  
  34  3:11  Queen  
  37  3:15  Drone x2  
  37  3:19  Overlord  
  39  3:23  Drone  
  39  3:24  Zergling x4  
  42  3:29  Zergling x2  
  43  3:35  Drone  
  43  3:37  Drone  
  45  3:42  Drone  
  45  3:44  Drone  
  45  3:45  Drone  
  45  3:46  Overlord  
  45  3:47  Drone  
  49  3:50  Queen  
  49  3:51  Baneling Nest  
  49  3:52  Drone  
  49  3:54  Drone  
  52  3:58  Lair  
  52  4:04  Extractor, Drone x2  
  52  4:05  Drone  
  52  4:09  Queen  
  56  4:11  Overlord  
  56  4:13  Drone  
  56  4:22  Spine Crawler  
  56  4:23  Zergling x6  
  58  4:29  Overlord  
  58  4:30  Drone  
  58  4:31  Drone x2  
  61  4:32  Drone  
  61  4:42  Overlord  
  57  4:50  Zergling x4  
  54  4:54  Zergling x4  
  54  4:57  Queen x3  
  58  5:06  Spore Crawler, Overlord  
  55  5:11  Drone  
  55  5:12  Drone x2  
  55  5:13  Drone  
  58  5:18  Drone  
  56  5:26  Zergling x4  
  56  5:33  Zergling x2  
  50  5:44  Overlord  
  50  5:52  Drone x2  
  50  5:53  Drone x2  
  50  5:54  Drone  
  55  5:57  Drone x2  
  55  6:03  Drone  
  58  6:09  Drone  
  58  6:10  Drone x2  
  58  6:13  Drone x2  
  60  6:20  Drone  
  60  6:22  Drone  
  61  6:27  Extractor, Overlord  
  61  6:28  Hydralisk Den  
  61  6:29  Drone  
  61  6:32  Drone  
  61  6:36  Drone  
  61  6:38  Drone  
  63  6:41  Drone, Hatchery  
  63  6:47  Baneling, Zergling x2  
  64  6:48  Baneling x3  
  64  6:50  Zergling x2  
  64  6:51  Zergling x6  
  64  6:54  Overlord  
  68  6:55  Extractor  
  68  6:56  Zergling x6  
  68  7:00  Overlord  
  70  7:01  Zergling x2  
  70  7:02  Overseer  
  71  7:08  Zergling x2  
  71  7:11  Overlord  
  71  7:12  Zergling x2  
  71  7:13  Zergling x4  
  71  7:14  Baneling x4  
  77  7:20  Zergling x2  
  77  7:21  Zergling x4  
  72  7:24  Zergling x2  
Show
View Real Time Build Order
Export as new Build Order

SpeCial Terran - Winner!

Build Orders: Liberator Opening 

Get SALT Encoding   

  12  0:00  SCV  
  13  0:12  SCV  
  14  0:17  Supply Depot  
  14  0:24  SCV  
  14  0:27  Refinery  
  15  0:38  SCV  
  16  0:44  Barracks  
  16  0:51  SCV  
  17  1:03  SCV  
  18  1:15  SCV  
  19  1:31  Marine  
  19  1:32  Factory, Orbital Command  
  20  1:49  Barracks Reactor  
  20  1:57  Command Center  
  20  2:00  SCV  
  21  2:09  Supply Depot  
  21  2:12  SCV  
  22  2:18  Refinery  
  22  2:31  Hellion, Marine x2  
  22  2:32  SCV  
  27  2:43  Starport  
  27  2:48  Supply Depot, SCV  
  28  3:00  SCV  
  28  3:03  Hellion  
  28  3:04  Liberator  
  31  3:10  Hellion  
  31  3:12  SCV  
  34  3:24  SCV  
  38  3:28  Orbital Command  
  38  3:36  Armory  
  38  3:41  Hellion  
  40  3:47  Hellion  
  42  3:49  Liberator  
  42  3:52  Supply Depot  
  42  3:54  SCV  
  42  3:55  SCV  
  44  4:04  Hellion  
  44  4:09  SCV x2  
  51  4:19  Hellion  
  51  4:21  SCV  
  54  4:25  Hellion  
  54  4:27  SCV  
  57  4:34  SCV  
  58  4:44  SCV  
  59  4:46  SCV  
  59  4:47  Liberator  
  59  4:48  Hellion  
  59  4:49  Hellion x4  
  62  4:56  SCV  
  62  4:58  SCV  
  62  5:01  Command Center  
  62  5:02  Supply Depot  
  62  5:06  Supply Depot  
  62  5:13  Barracks Reactor  
  62  5:17  Factory, SCV x2  
  61  5:28  Hellion x2  
  61  5:29  SCV x2  
  61  5:31  Terran Vehicle Weapons Level 1  
  61  5:33  Refinery  
  61  5:34  Refinery  
  61  5:41  SCV x2  
  63  5:43  Supply Depot  
  61  5:50  Medivac, Hellion x2  
  61  5:53  SCV x2  
  65  6:06  SCV x2  
  65  6:08  Cyclone x2  
  65  6:11  Hellion, Cyclone  
  75  6:16  Orbital Command  
  75  6:18  SCV x2  
  77  6:30  Supply Depot, SCV x2  
  81  6:33  Hellion  
  81  6:40  Hellion x2  
  81  6:42  SCV x2  
  81  6:43  SCV, Hellion  
  90  6:53  Factory  
  92  6:54  Factory, SCV x2, Hellion  
  92  6:55  SCV  
  92  6:56  Factory  
  95  7:01  Supply Depot  
  95  7:02  Supply Depot, Hellion  
  95  7:03  Hellion  
  95  7:05  Hellion  
  95  7:06  SCV x2  
  103  7:09  SCV  
  101  7:18  SCV  
  101  7:20  SCV  
  97  7:26  SCV  
  105  7:30  SCV  
  104  7:37  Factory Tech Lab  
  104  7:38  Factory Tech Lab  
  104  7:39  Starport Reactor  
  104  7:40  Refinery, Supply Depot  
  104  7:41  Supply Depot, Refinery  
Tags
 
Add a new tag
Caveats
  • Supply blocks, unpowered buildings, or Contaminate may cause inaccurate times.
  • Supply counts are checked every 10 seconds.